 Dungeon Crawl Stone Soup version 0.24-b1-30-g840c9efd86 (webtiles) character file.

Game seed: 10532485553123489658, levelgen mode: deterministic

121 lepoulpe303 the Poker (level 5, 0/42 HPs)
             Began as a Merfolk Monk on Oct 24, 2019.
             Slain by Crazy Yiuf
             ... wielding a +2 quarterstaff of chaos
              (6 damage)
             ... on level 2 of the Dungeon.
             The game lasted 00:07:07 (2510 turns).

lepoulpe303 the Poker (Merfolk Monk)                Turns: 2510, Time: 00:07:08

Health: 0/42       AC:  6    Str: 12    XL:     5   Next: 5%
Magic:  2/5        EV: 12    Int: 10    God:
Gold:   94         SH:  0    Dex: 16    Spells: 4/4 levels left

rFire    . . .     SeeInvis .   a - +0 spear
rCold    . . .     Gourm    +   (no shield)
rNeg     . . .     Faith    .   h - +1 ring mail {MR+} {MR+}
rPois    .         Spirit   .   (no helmet)
rElec    .         Reflect  .   (no cloak)
rCorr    .         Harm     .   (no gloves)
MR       +....                  (no boots)
Stlth    ++........             m - amulet of the gourmand
HPRegen  0.14/turn              (no ring)
MPRegen  0.09/turn              (no ring)

@: very slightly contaminated, lightly drained, invisible
A: change form in water, swift swim, stealthy swim
a: no special abilities


You were on level 2 of the Dungeon.
You were not hungry.

You visited 1 branch of the dungeon, and saw 2 of its levels.

You collected 94 gold pieces.

Inventory:

Hand Weapons
 a - a +0 spear (weapon)
Missiles
 r - 8 javelins
 Q - 16 stones (quivered)
Armour
 b - a +0 robe
 h - a +1 ring mail of magic resistance (worn) {MR+}
Jewellery
 m - an amulet of the gourmand (around neck)
Scrolls
 d - a scroll of fear {unknown}
 g - 2 scrolls of teleportation {unknown}
 j - a scroll of magic mapping {unknown}
 o - a scroll of amnesia {unknown}
 p - a scroll of remove curse {unknown}
Potions
 c - a potion of mutation {!q}
 f - a potion of invisibility {unknown}
 n - a potion of resistance
 q - a potion of curing
Comestibles
 e - 2 rations


   Skills:
 * Level 4.3(3.9) Fighting
 * Level 5.7(5.4) Polearms
 + Level 1.0(0.6) Armour
 + Level 4.6(4.2) Dodging
 + Level 2.9(2.6) Stealth


You had 4 spell levels left.
You didn't know any spells.
Your spell library was empty.

Dungeon Overview and Level Annotations

Branches:
Dungeon (2/15)

Altars:

Annotations:
D:2 Crazy Yiuf


Message History

You hit Crazy Yiuf but do no damage.
You feel sick.
Crazy Yiuf hits you with a +2 quarterstaff of chaos.
* * * LOW HITPOINT WARNING * * *
You take 5 damage, and have 9/42 hp.
You hit Crazy Yiuf but do no damage.
Crazy Yiuf hits you with a +2 quarterstaff of chaos.
* * * LOW HITPOINT WARNING * * *
You are confused.
You take 5 damage, and have 4/42 hp.
You feel better.
Crazy Yiuf hits you with a +2 quarterstaff of chaos.
* * * LOW HITPOINT WARNING * * *
Crazy Yiuf freezes you.
* * * LOW HITPOINT WARNING * * *
You regained 2 hp, and now have 6/42 hp.
You strike the helpless Crazy Yiuf from behind!
You hit Crazy Yiuf.
Crazy Yiuf grits, "Dawk wrapper ena!"
Crazy Yiuf hits you with a +2 quarterstaff of chaos.
You die...

#.#
#......>....#
# #.#
######...####
# #.# ##.## #
#.# #.# # ###
#.# # #.### #
##### #...# #
#)g.# ###.# #
#.@.# #.# #
#...# #.# #
##'## #.# #
♣.♣♣ ######.#
# ♣♣.♣
#......# #
♣.♣♣
############
♣♣.♣
#...........
♣♣.♣♣
############
♣♣...♣
########


You could see Crazy Yiuf.

Levels and vault maps discovered:
D:1:      psy_arrival_terrarium, layout_loops_corners, hangedman_decor_opposing
D:2:      layout_loops_ring, uniq_terence, uniq_jessica, uniq_crazy_yiuf_cottage

Notes
Turn   | Place    | Note
-------+----------+-------------------------------------------
     0 | D:1      | lepoulpe303 the Merfolk Monk began the quest for the Orb.
     0 | D:1      | Reached XP level 1. HP: 18/18 MP: 1/1
   170 | D:1      | Identified a +0 club
   357 | D:1      | Identified a +0 club
   409 | D:1      | Identified a +0 club
   413 | D:1      | Reached XP level 2. HP: 24/24 MP: 2/2
   935 | D:1      | Identified a +0 club
  1053 | D:1      | Identified a +0 ring mail (You found it on level 1 of the
                  | Dungeon)
  1070 | D:2      | Reached skill level 5 in Polearms
  1070 | D:2      | Reached XP level 3. HP: 30/30 MP: 3/3
  1076 | D:2      | Identified a +0 flail
  1076 | D:2      | Identified a +1 ring mail of magic resistance
  1076 | D:2      | Noticed Terence
  1151 | D:2      | Identified a +0 robe
  1151 | D:2      | Noticed Jessica
  1163 | D:2      | Identified a +0 dagger
  1170 | D:2      | Killed Jessica
  1174 | D:2      | Reached skill level 4 in Fighting
  1313 | D:2      | Identified a +0 whip
  1380 | D:2      | Reached XP level 4. HP: 35/37 MP: 4/4
  1421 | D:2      | Killed Terence
  1982 | D:2      | Identified a +2 short sword of venom
  2274 | D:2      | Reached skill level 1 in Armour
  2274 | D:2      | Reached XP level 5. HP: 37/42 MP: 5/5
  2285 | D:2      | Identified 5 scrolls of identify
  2285 | D:2      | Identified an amulet of the gourmand (You found it on level
                  | 1 of the Dungeon)
  2475 | D:2      | Found a runed translucent door.
  2476 | D:2      | Identified a +2 quarterstaff of chaos
  2476 | D:2      | Identified a +0 cloak
  2476 | D:2      | Noticed Crazy Yiuf
  2481 | D:2      | Identified 2 potions of curing
  2482 | D:2      | Identified a potion of resistance
  2483 | D:2      | Identified a potion of mutation
  2484 | D:2      | Identified a potion of heal wounds
  2503 | D:2      | HP: 6/42 [Crazy Yiuf/+2 quarterstaff of chaos (7)]
  2503 | D:2      | HP: 2/42 [Crazy Yiuf/+2 quarterstaff of chaos (4)]
  2508 | D:2      | HP: 4/42 [Crazy Yiuf/+2 quarterstaff of chaos (5)]
  2510 | D:2      | Slain by Crazy Yiuf

Table legend:
 A = Turns spent in this place as a percentage of turns spent in the entire game.
 B = Non-inter-level travel turns spent in this place as a percentage of non-inter-level travel turns spent in the entire game.
 C = Inter-level travel turns spent in this place as a percentage of turns spent in this place.
 D = Turns resting spent in this place as a percentage of non-inter-level travel turns spent in this place.
 E = Turns spent auto-exploring this place as a percentage of non-inter-level travel turns spent in this place.
 F = Non-inter-level travel turns spent in this place divided by the number of levels of this place that you've seen.
                   A       B       C       D       E      F
               +-------+-------+-------+-------+-------+----------------------
         Total | 100.0 | 100.0 |   5.4 |  22.2 |  58.3 | 1187.0
       Dungeon | 100.0 | 100.0 |   5.4 |  22.2 |  58.3 | 1187.0
               +-------+-------+-------+-------+-------+----------------------

Table legend:
 A = Kills in this place as a percentage of kills in entire the game.
 B = Kills by you in this place as a percentage of kills by you in the entire game.
 C = Kills by friends in this place as a percentage of kills by friends in the entire game.
 D = Other kills in this place as a percentage of other kills in the entire game.
 E = Experience gained in this place as a percentage of experience gained in the entire game.
 F = Experience gained in this place divided by the number of levels of this place that you have seen.
                   A       B       C       D       E      F
               +-------+-------+-------+-------+-------+----------------------
         Total | 100.0 | 100.0 |   N/A |   N/A | 100.0 |  87.0
       Dungeon | 100.0 | 100.0 |   N/A |   N/A | 100.0 |  87.0
               +-------+-------+-------+-------+-------+----------------------

Skill      XL: |  1  2  3  4 |
---------------+-------------+-----
Polearms       | 5 |  5.7
Fighting       | 4 |  4.3
Armour         | 1 |  1.0
Dodging        | |  4.6
Stealth        | |  2.9

Action                   |  1- 3 |  4- 6 || total
-------------------------+-------+-------++-------
Melee: Spear             |    90 |   148 ||   238
Throw: Stone             |     3 |     1 ||     4
  Use: Scroll            |       |     5 ||     5
       Potion            |       |     2 ||     2
 Stab: Sleeping          |     7 |     3 ||    10
       Invisible         |       |     2 ||     2
  Eat: Chunk             |     1 |     5 ||     6
Armor: Robe              |    10 |       ||    10
       Ring mail         |     3 |    30 ||    33
Dodge: Dodged            |    45 |    78 ||   123

Vanquished Creatures
  Jessica (D:2)
  Terence (D:2)
  3 adders (D:2)
  2 dart slugs (D:1)
  2 leopard geckos
  A ball python (D:2)
  3 giant cockroaches
  3 goblins
  3 hobgoblins
  6 kobolds
  A quokka (D:2)
  7 bats
  3 frilled lizards (D:2)
  7 rats
43 creatures vanquished.
